 Dungeon Sprint DCSS version 0.27-a0-1332-g84bddb5ca7 (webtiles) character file.

Game seed: 18327292005797045093

7 mhtbhm the Magician (level 1, -2/10 HPs)
             Began as a Deep Elf Earth Elementalist on June 25, 2021.
             Slain by an ice beast (9 damage)
             ... in the Dungeon (Sprint IX: "|||||||||||||||||||||||||||||").
             The game lasted 00:00:46 (180 turns).

mhtbhm the Magician (Deep Elf Earth Elementalist)    Turns: 180, Time: 00:00:47

Health: -2/10      AC:  2    Str:  5    XL:     1   Next: 91%
Magic:  2/8        EV: 12    Int: 19    God:
Gold:   0          SH:  0    Dex: 15    Spells: 8/9 levels left

rFire    . . .     SeeInvis .   a - +0 short sword
rCold    . . .     Faith    .   (no shield)
rNeg     . . .     Spirit   .   b - +0 robe
rPois    .         Reflect  .   (no helmet)
rElec    .         Harm     .   (no cloak)
rCorr    .         Rampage  .   (no gloves)
Will     .....     NoTele   +   (no boots)
Stlth    ++........             (no amulet)
HPRegen  0.03/turn              (no ring)
MPRegen  0.11/turn              (no ring)

@: no status effects
A: no striking features
a: no special abilities


You were in the Dungeon.
You visited 1 branch

Inventory:

Hand Weapons
 a - a +0 short sword (weapon)
Missiles
 i - 27 stones
Armour
 b - a +0 robe (worn)
Scrolls
 h - a scroll of blinking
Potions
 c - a potion of curing
 e - a potion of haste
 f - 2 potions of magic
 g - a potion of berserk rage


   Skills:
 + Level 2.6 Dodging
 + Level 2.9 Stealth
 + Level 4.5 Spellcasting
 + Level 1.1 Transmutations
 + Level 4.3 Earth Magic


You had 8 spell levels left.
You knew the following spells:

 Your Spells              Type           Power      Damage    Failure   Level
a - Sandblast             Erth           40%        2d10      2%          1

Your spell library contained the following spells:

 Spells                   Type           Power      Damage    Failure   Level
 Passwall                 Tmut/Erth      11%        N/A       6%          2
 Stone Arrow              Conj/Erth      24%        3d8       16%         3
 Petrify                  Tmut/Erth      14%        N/A       38%         4
 Lee's Rapid Deconstruct  Erth           10%        3d9*      52%         5


Dungeon Overview and Level Annotations

Branches:
Dungeon (1/1)

Altars:


Message History

Casting: Sandblast (safe; 2% risk of failure)
Confirm with . or Enter, or press ? or * to list all spells.
Aiming: Sandblast (safe; 2% risk of failure)
Press: ? - help, Shift-Dir - straight line, f - orc
Aim: an orc, wielding a +0 short sword of venom (79% to hit)
The blast of sand hits the orc!
You kill the orc!
Unknown command.
Unknown command.
Casting: Sandblast (safe; 2% risk of failure)
Confirm with . or Enter, or press ? or * to list all spells.
Aiming: Sandblast (safe; 2% risk of failure)
Press: ? - help, Shift-Dir - straight line, f - ice beast
Aim: an ice beast (81% to hit)
The blast of sand hits the ice beast.
The ice beast is lightly wounded.
The orc wizard mumbles some strange words.
The orc wizard flickers and vanishes!
Deactivating autopickup; reactivate with Ctrl-A.
Casting: Sandblast (safe; 2% risk of failure)
Confirm with . or Enter, or press ? or * to list all spells.
Aiming: Sandblast (safe; 2% risk of failure)
Press: ? - help, Shift-Dir - straight line, f/p - ice beast
Aim: an ice beast (lightly wounded, 81% to hit)
The blast of sand misses the ice beast.
Unknown command.
Casting: Sandblast (safe; 2% risk of failure)
Confirm with . or Enter, or press ? or * to list all spells.
Aiming: Sandblast (safe; 2% risk of failure)
Press: ? - help, Shift-Dir - straight line, f/p - ice beast
Aim: an ice beast (lightly wounded, 81% to hit)
The blast of sand misses the ice beast.
The blast of sand hits the scorpion.
The scorpion is lightly wounded.
The ice beast hits you. The ice beast freezes you.
Ouch! That really hurt!
* * * LOW HITPOINT WARNING * * *
Unknown command.
You feel much better. The ice beast hits you. The ice beast freezes you!
Ouch! That really hurt!
You die...

▓+▓
▓.▓
▓.▓
▓{▓
▓.▓
▓s▓
▓Y▓
▓@▓
▓.▓
▓.▓
▓)▓
▓)▓
▓†▓
▓.▓
▓.▓
▓.▓


You could see an ice beast and a scorpion.

Vanquished Creatures
  An orc (D)
  2 goblins (D)
  A jackal skeleton (D)
  3 kobolds (D)
7 creatures vanquished.

Notes
Turn   | Place    | Note
-------+----------+-------------------------------------------
     0 | D        | mhtbhm the Deep Elf Earth Elementalist began the quest for
                  | the Orb.
     0 | D        | Reached XP level 1. HP: 10/10 MP: 6/6
   174 | D        | Noticed an orc wizard
   174 | D        | Noticed a scorpion
   174 | D        | Noticed an ice beast
   180 | D        | Slain by an ice beast

Illustrated notes

Levels and vault maps discovered:
D:        linesprint [early_d, line_temple, items_1, d_10, items_2, lair_1,
          lair_end, items_3, orc_1, orc_end, items_4, d_15, swamp_1, shoals_1,
          snake_1, spider_1, d_20, vaults_1, items_5, swamp_end, shoals_end,
          snake_end, spider_end, vaults_end, d_27, items_6, zot_1, zot_end,
          crypt_end, forest_end, elf_end, slime_end, tomb_end, abyss_end,
          pan_hell_end]

Skill      XL: |  1 |
---------------+----+-----
Earth Magic    | 4 |  4.3
Spellcasting   | 4 |  4.5
Dodging        | |  2.6
Stealth        | |  2.9
Transmutations | |  1.1

Action                   || total
-------------------------++-------
 Cast: Sandblast         ||    10
  Use: Potion            ||     1

Table legend: (Time is in decaauts)
 A = Elapsed time spent in this place.
 B = Non-inter-level travel time spent in this place.
 C = Inter-level travel time spent in this place.
 D = Time resting spent in this place.
 E = Time spent auto-exploring this place.
 F = Levels seen in this place.
 G = Mean time per level.
                   A        B        C        D        E       F      G
               +--------+--------+--------+--------+--------+-----+--------+
         Total |    179 |    179 |      0 |    146 |      3 |   1 |  179.0 |
       Dungeon |    179 |    179 |      0 |    146 |      3 |   1 |  179.0 |
               +--------+--------+--------+--------+--------+-----+--------+

Top non-repeatable levels by time:
       D: 179 daAuts
